 Dungeon Crawl Stone Soup version 0.31-a0-774-g0d66cbabe8 (webtiles) character file.

Game seed: 1757113201885244941

1477 pokeman the Thaumaturge (level 8, -5/44 HPs)
             Began as a Deep Elf Hedge Wizard on Sept 17, 2023.
             Slain by a gnoll
             ... wielding a +3 flail
             ... led by a gnoll sergeant
              (9 damage)
             ... on level 5 of the Dungeon.
             The game lasted 00:14:06 (6860 turns).

pokeman the Thaumaturge (Deep Elf Hedge Wizard)     Turns: 6860, Time: 00:14:06

Health: -5/44      AC:  6    Str: 13    XL:     8   Next: 49%
Magic:  8/23       EV: 13    Int: 22    God:
Gold:   40         SH:  0    Dex: 14    Spells: 11/25 levels left

rFire   . . .        B - +2 mace (venom)
rCold   . . .        (no shield)
rNeg    . . .        E - +2 robe {Will+}
rPois   .            c - +0 hat
rElec   .            g - +1 cloak
rCorr   .            (no gloves)
SInv    .            (no boots)
Will    +....        (no amulet)
Stlth   ++           a - ring of flight
HPRegen 0.27/turn    p - +6 ring of strength
MPRegen 0.18/turn

%: no passive effects
@: flying
A: no striking features
a: no special abilities


You were on level 5 of the Dungeon.
You visited 1 branch of the dungeon, and saw 5 of its levels.

You collected 240 gold pieces.
You spent 200 gold pieces at shops.

Inventory:

Hand Weapons
 B - a +2 mace of venom (weapon)
Armour
 c - a +0 hat (worn)
 g - a +1 cloak (worn)
 E - a +2 robe of willpower (worn)
Magical Staves
 y - a staff of poison
Jewellery
 a - a ring of flight (left hand)
 n - a ring of ice
 p - a +6 ring of strength (right hand)
 u - a ring of see invisible
Wands
 D - a wand of paralysis (4)
Scrolls
 e - 2 scrolls of enchant armour {unknown}
 f - 8 scrolls of identify
 j - 3 scrolls of blinking
 k - a scroll of fear {unknown}
 m - a scroll of poison {unknown}
 o - 2 scrolls of teleportation {unknown}
 q - 2 scrolls of silence {unknown}
 r - 3 scrolls of amnesia {unknown}
 t - a scroll of acquirement {unknown}
 w - 2 scrolls of revelation {unknown}
 x - a scroll of noise {unknown}
 C - a scroll of immolation {unknown}
Potions
 d - a potion of magic
 h - 2 potions of berserk rage {unknown}
 i - a potion of brilliance {unknown}
 l - 4 potions of curing
 s - 3 potions of heal wounds {unknown}
 v - 3 potions of degeneration {unknown}
 z - a potion of might {unknown}
 A - 2 potions of attraction {unknown}


   Skills:
 - Level 2.1 Fighting
 + Level 2.1 Armour
 - Level 3.0 Dodging
 - Level 3.0 Stealth
 * Level 9.0 Spellcasting
 + Level 7.2 Conjurations
 - Level 1.1 Summonings
 - Level 1.1 Translocations
 + Level 1.0 Fire Magic
 - Level 1.1 Air Magic
 - Level 1.0 Poison Magic
 + Level 2.3 Evocations


You had 11 spell levels left.
You knew the following spells:

 Your Spells              Type           Power      Damage    Failure   Level
a - Magic Dart            Conj           100%       1d8       1%          1
b - Mephitic Cloud        Conj/Pois/Air  23%        N/A       5%          3
c - Call Imp              Summ           28%        N/A       6%          2
d - Blink                 Tloc           28%        N/A       6%          2
e - Starburst             Conj/Fire      14%        6d6       88%         6

Your spell library contained the following spells:

 Spells                   Type           Power      Damage    Failure   Level
 Dazzling Flash           Conj/Hex       50%        N/A       4%          3
 Lesser Beckoning         Tloc           28%        N/A       6%          2
 Slow                     Hex            36%        N/A       7%          1
 Cigotuvi's Dreadful Rot  Necr/Pois/Air  26%        N/A       8%          2
 Ensorcelled Hibernation  Hex/Ice        18%        N/A       10%         2
 Passwall                 Tmut/Erth      7%         N/A       10%         2
 Gell's Gravitas          Tloc           14%        N/A       13%         3
 Swiftness                Air            14%        N/A       13%         3
 Teleport Other           Tloc           14%        N/A       13%         3
 Volatile Blastmotes      Fire/Tloc      28%        2d12      13%         3
 Conjure Ball Lightning   Conj/Air       14%        3x3d6     88%         6
 Discord                  Hex            4%         N/A       100%        8
 Disjunction              Tloc           7%         N/A       100%        8
 Maxwell's Capacitive Co  Air            7%         ∞         100%        8


Dungeon Overview and Level Annotations

Branches:
Dungeon (5/15)
 Temple: D:4-7

Altars:
Ashenzari
Elyvilon
Qazlal
Vehumet
Wu Jian
Xom
Zin

Shops:
D:2 *   D:3 :   D:5 *


Message History

The gnoll sergeant hits the gnoll with a +3 heavy spear!
The gnoll is killed!
The gnoll sergeant hits itself with a +3 heavy spear.
There is a stone staircase leading up here.
Unknown command.
Casting: Mephitic Cloud (dangerous; 5% risk of failure)
Confirm with . or Enter, or press ? or * to list all spells.
Aiming: Magic Dart (safe; 1% risk of failure)
Press: ? - help, Shift-Dir - straight line, f - gnoll sergeant
Aim: a gnoll sergeant, wielding a +3 heavy spear and wearing a +0 ring mail (noxious fumes, severely wounded, confused, poisoned, 100% to hit)
The magic dart hits the gnoll sergeant.
The gnoll sergeant is almost dead.
The gnoll hits something with a +2 whip of freezing.
The gnoll freezes something.
You feel a bit more experienced.
Unknown command.
Casting: Magic Dart (safe; 1% risk of failure)
Confirm with . or Enter, or press ? or * to list all spells.
Aiming: Mephitic Cloud (dangerous; 5% risk of failure)
Press: ? - help, Shift-Dir - straight line, f - gnoll, p - gnoll sergeant
Aim: a gnoll, wielding a +3 flail (chance to affect: 91%)
The ball explodes into a vile cloud!
The stinking cloud engulfs the gnoll but does no damage.
You hear a shout!
You kill the gnoll sergeant!
The gnoll is engulfed in noxious fumes.
The gnoll appears confused.
Your Spellcasting skill increases to level 9!
Your Fire Magic skill increases to level 1!
Unknown command.
You strike the helpless gnoll from behind!
You hit the gnoll.
The gnoll is poisoned.
The gnoll is moderately wounded.
The gnoll is engulfed in noxious fumes.
The gnoll appears confused.
The gnoll closely misses you.
The gnoll is engulfed in noxious fumes.
Unknown command.
You hit the gnoll.
The gnoll looks as sick as possible!
The gnoll is heavily wounded.
The gnoll is engulfed in noxious fumes.
The gnoll appears confused.
The gnoll is engulfed in noxious fumes.
The gnoll appears confused.
The gnoll hits you with a +3 flail!
You die...

#.## #...
...# #..#
##..# ##
#g..###....
#○#.)......
#$##g#)#
#....@.#
####...#
###)# #.#
#.# #.# #)#
#.#


You could see 2 gnolls.

Vanquished Creatures
  Pikel (D:4)
  A centaur (D:5)
  3 lemures (D:4)
  A gnoll sergeant (D:5)
  3 wights (D:5)
  2 hounds (D:4)
  5 orc priests
  2 jellies
  Jessica (D:2)
  A sleepcap (D:5)
  2 orc wizards
  Natasha (thrice) (D:3)
  4 adders
  9 gnolls
  An ufetubus (D:4)
  2 worms
  23 orcs
  6 ball pythons
  2 endoplasms (D:1)
  3 giant cockroaches
  3 goblins
  10 hobgoblins
  10 jackals
  6 quokkas
  6 bats
  2 frilled lizards (D:1)
  7 kobolds
  5 rats
124 creatures vanquished.

Vanquished Creatures (collateral kills)
  A wight (D:5)
1 creature vanquished.

Grand Total: 125 creatures vanquished

Notes
Turn   | Place    | Note
-------+----------+-------------------------------------------
     0 | D:1      | pokeman the Deep Elf Hedge Wizard began the quest for the
                  | Orb.
     0 | D:1      | Reached XP level 1. HP: 10/10 MP: 7/7
   279 | D:1      | Reached XP level 2. HP: 16/16 MP: 4/9
   945 | D:1      | Reached skill level 5 in Spellcasting
  1124 | D:1      | Reached XP level 3. HP: 12/20 MP: 3/11
  1160 | D:1      | Learned a level 3 spell: Mephitic Cloud
  1163 | D:1      | Learned a level 2 spell: Call Imp
  1166 | D:1      | Learned a level 2 spell: Blink
  1593 | D:2      | Found Xoatiys's Assorted Antiques.
  1599 | D:2      | Bought a scroll labelled FAIMOHA UMIASH for 26 gold pieces
  1658 | D:2      | Noticed Jessica
  1668 | D:2      | Killed Jessica
  1669 | D:2      | Reached skill level 1 in Fighting
  1669 | D:2      | Reached skill level 1 in Armour
  1812 | D:2      | Reached XP level 4. HP: 25/25 MP: 11/13
  2065 | D:2      | Bought a scroll labelled UNEUFUANO for 26 gold pieces
  2065 | D:2      | Bought a gluggy blue potion for 23 gold pieces
  2897 | D:3      | Reached skill level 6 in Spellcasting
  3011 | D:3      | Found a broken altar of Ashenzari.
  3129 | D:3      | Found a faded altar of an unknown god.
  3135 | D:3      | Noticed Natasha
  3140 | D:3      | Killed Natasha
  3141 | D:3      | Reached XP level 5. HP: 29/29 MP: 7/15
  3349 | D:3      | Found an ornate altar of the Wu Jian Council.
  3352 | D:3      | Found Rupsiacw's Book Emporium.
  3738 | D:3      | Noticed Natasha
  3743 | D:3      | Killed Natasha
  3885 | D:3      | Noticed Natasha
  3891 | D:3      | Killed Natasha
  3892 | D:3      | Reached skill level 1 in Poison Magic
  4024 | D:4      | Noticed a lemure
  4024 | D:4      | Noticed a lemure
  4039 | D:4      | Noticed Pikel
  4182 | D:4      | Noticed a lemure
  4183 | D:4      | Noticed a lemure
  4395 | D:4      | Reached skill level 1 in Air Magic
  4432 | D:4      | Reached XP level 6. HP: 19/34 MP: 3/17
  4680 | D:4      | Found a stormy altar of Qazlal.
  4711 | D:4      | Reached skill level 7 in Spellcasting
  5129 | D:4      | Found a shimmering altar of Xom.
  5129 | D:4      | Found a white marble altar of Elyvilon.
  5179 | D:4      | Found a radiant altar of Vehumet.
  5181 | D:4      | Found a glowing silver altar of Zin.
  5322 | D:4      | You fall into a shaft and drop 1 floor!
  5322 | D:5      | Entered Level 5 of the Dungeon
  5658 | D:5      | Reached XP level 7. HP: 32/40 MP: 12/20
  5818 | D:5      | Reached skill level 8 in Spellcasting
  5937 | D:5      | Reached skill level 1 in Evocations
  6260 | D:5      | Found Siat's General Store.
  6265 | D:5      | Bought a scroll of identify for 20 gold pieces
  6265 | D:5      | Bought a scroll of blinking for 75 gold pieces
  6265 | D:5      | Bought a potion of curing for 30 gold pieces
  6673 | D:4      | Killed Pikel
  6674 | D:4      | Reached XP level 8. HP: 35/44 MP: 11/22
  6749 | D:4      | Learned a level 6 spell: Starburst
  6855 | D:5      | HP: 2/44 [gnoll sergeant/+3 heavy spear (18)]
  6859 | D:5      | Reached skill level 9 in Spellcasting
  6859 | D:5      | Reached skill level 1 in Fire Magic
  6860 | D:5      | Slain by a gnoll

Illustrated notes

Levels and vault maps discovered:
D:1:      arrival_zaba_pyramid, layout_loops_corners, st_stairs_6,
          minmay_misc_feat_nine_boxes
D:2:      layout_loops_cross, serial_shops, shop, minmay_heptomino_o4,
          uniq_jessica
D:3:      layout_basic, overflow_temple_1_default, evilmike_ruin_ashenzari,
          serial_shops, nicolae_square_shop, basic_ecumenical_altar,
          minmay_misc_feat_square, uniq_natasha
D:4:      layout_gridville, nicolae_overflow_two_pavilions,
          nicolae_overflow_hidden_temple, uniq_pikel
D:5:      layout_loops_cross, okawaru_altar_gauntlet_db, serial_shops, shop,
          minivault_19

Skill      XL: |  1  2  3  4  5  6  7  8 |
---------------+-------------------------+-----
Spellcasting   | 5 6 7 8 9 |  9.0
Fighting       | 1 2 |  2.1
Armour         | 1 2 |  2.1
Conjurations   | 2 3 7 |  7.2
Stealth        | 3 |  3.0
Dodging        | 3 |  3.0
Poison Magic   | 1 |  1.0
Air Magic      | 1 |  1.1
Evocations     | 1 2 |  2.3
Fire Magic     | 1 |  1.0
Summonings     | |  1.1
Translocations | |  1.1

Action                     |  1- 3 |  4- 6 |  7- 9 || total
---------------------------+-------+-------+-------++-------
  Melee: Dagger            |    50 |    27 |       ||    77
         Punch             |     2 |       |     2 ||     4
         Spear             |       |    12 |     7 ||    19
         Mace              |       |       |    45 ||    45
         Hand axe          |       |       |    11 ||    11
   Cast: Magic Dart        |    87 |   206 |    71 ||   364
         Mephitic Cloud    |       |    14 |    11 ||    25
         Call Imp          |       |     6 |     3 ||     9
         Blink             |       |     1 |       ||     1
   Stab: Confused          |       |     8 |    10 ||    18
         Distracted        |       |       |     1 ||     1
 Armour: Robe              |    56 |    52 |    51 ||   159
  Dodge: Dodged            |    68 |    42 |    65 ||   175

Table legend: (Time is in decaauts)
 A = Elapsed time spent in this place.
 B = Non-inter-level travel time spent in this place.
 C = Inter-level travel time spent in this place.
 D = Time resting spent in this place.
 E = Time spent auto-exploring this place.
 F = Levels seen in this place.
 G = Mean time per level.
                   A        B        C        D        E       F      G
               +--------+--------+--------+--------+--------+-----+--------+
         Total |   6890 |   6527 |    363 |    224 |   5187 |   5 | 1378.0 |
       Dungeon |   6890 |   6527 |    363 |    224 |   5187 |   5 | 1378.0 |
               +--------+--------+--------+--------+--------+-----+--------+

Top non-repeatable levels by time:
     D:4: 1676 daAuts
     D:1: 1514 daAuts
     D:3: 1433 daAuts
     D:5: 1186 daAuts
     D:2: 1079 daAuts
